 Dungeon Crawl Stone Soup version 0.30-a0-305-g026cb31310 (webtiles) character file.

Game seed: 3524716663596846126

29990 greenreed the Destroyer (level 13, -3/99 HPs)
             Began as a Gnoll Conjurer on Oct 23, 2022.
             Was an Elder of Nemelex Xobeh.
             Slain by a seven-headed hydra (5 damage)
             ... on level 2 of the Lair of Beasts.
             The game lasted 01:14:28 (21668 turns).

greenreed the Destroyer (Gnoll Conjurer)           Turns: 21668, Time: 01:14:29

Health: -3/99      AC: 13    Str:  9    XL:     13   Next: 48%
Magic:  15/27      EV: 15    Int: 30    God:    Nemelex Xobeh [****..]
Gold:   410        SH:  5    Dex: 10    Spells: 8/32 levels left

rFire   . . .      SeeInvis +    S - +1 morningstar (holy)
rCold   . . .      Faith    .    (no shield)
rNeg    . . .      Spirit   .    m - +2 robe of the Original Sin {rElec Regen+ Int+2}
rPois   +          Reflect  +    a - +2 hat {SInv}
rElec   +          Harm     .    H - +1 cloak of Inference {rElec}
rCorr   +          Rampage  +    X - +0 pair of gloves of the Trombone {+Inv Will+ Int+7}
Will    +....                    s - +2 pair of boots {rampage}
Stlth   ++++......               J - amulet of Zamog {Reflect +Inv rPois SH+5}
HPRegen 1.16/turn                h - ring of resist corrosion
MPRegen 0.20/turn                g - ring of poison resistance

@: no status effects
A: fangs 1, strong nose, distributed training
a: Renounce Religion, Evoke Invisibility, Draw Escape, Draw Destruction, Draw
Summoning, Triple Draw, Deal Four


You were on level 2 of the Lair of Beasts.
You worshipped Nemelex Xobeh.
Nemelex Xobeh was greatly pleased with you.
You visited 3 branches of the dungeon, and saw 16 of its levels.
You also visited: Bailey.

You collected 1260 gold pieces.
You spent 850 gold pieces at shops.

Inventory:

Hand Weapons
 S - a +1 morningstar of holy wrath (weapon)
 U - the +8 halberd of Ceara Cujao {drain, rElec rF++ Will- rCorr}
   (You took it off an orc on level 11 of the Dungeon)

   A truly terrible weapon, it drains the life of any living foe it strikes.
   rF:        It greatly protects you from fire.
   rElec:     It insulates you from electricity.
   rCorr:     It protects you from acid and corrosion.
   Will:      It decreases your willpower.
Missiles
 I - a throwing net
 P - 14 poisoned darts
 Q - 7 curare-tipped darts
Armour
 a - a +2 hat of see invisible (worn)
 m - the +2 robe of the Original Sin (worn) {rElec Regen+ Int+2}
   (You bought it in a shop on level 3 of the Dungeon)

   Int:       It affects your intelligence (+2).
   rElec:     It insulates you from electricity.
   Regen:     It increases your rate of health regeneration.
 s - a +2 pair of boots of rampaging (worn)
 H - the +1 cloak of Inference (worn) {rElec}
   (You bought it in a shop on level 3 of the Dungeon)

   rElec:     It insulates you from electricity.
 X - the +0 pair of gloves of the Trombone (worn) {+Inv Will+ Int+7}
   (You bought it in a shop on level 3 of the Dungeon)

   Int:       It affects your intelligence (+7).
   +Inv:      It lets you turn invisible.
   Will:      It increases your willpower.
Magical Staves
 O - a staff of conjuration
Jewellery
 g - a ring of poison resistance (right hand)
 h - a ring of resist corrosion (left hand)
 B - a +4 ring of evasion
 J - the amulet of Zamog (around neck) {Reflect +Inv rPois SH+5}
   (You acquired it in a bailey)

   [amulet of reflection]

   It reflects blocked missile attacks.
   rPois:     It protects you from poison.
   +Inv:      It lets you turn invisible.
   SH:        It affects your SH (+5).
 N - a ring of magical power
 R - a ring of positive energy
 V - a ring of fire
Wands
 f - a wand of flame (44)
 q - a wand of paralysis (29)
 G - a wand of roots (18)
Scrolls
 i - a scroll of blinking {unknown}
 l - 4 scrolls of fog
 p - a scroll of enchant weapon {unknown}
 t - 5 scrolls of teleportation
 v - 2 scrolls of vulnerability {unknown}
 y - 2 scrolls of amnesia
 z - 3 scrolls of fear {unknown}
 A - a scroll of brand weapon {unknown}
 E - a scroll of magic mapping {unknown}
 L - a scroll of enchant armour {unknown}
 T - a scroll of poison {unknown}
 Y - a scroll of summoning {unknown}
Potions
 b - 4 potions of magic
 c - a potion of cancellation {unknown}
 d - 6 potions of curing
 e - 2 potions of heal wounds
 j - 3 potions of mutation
 k - 6 potions of might
 n - 2 potions of haste
 o - a potion of berserk rage {unknown}
 r - 2 potions of ambrosia
 u - 3 potions of degeneration {unknown}
 w - a potion of resistance
 x - 3 potions of flight
 C - a potion of invisibility {unknown}
 D - 2 potions of lignification
 W - a potion of brilliance {unknown}
 Z - a potion of attraction {unknown}
Miscellaneous
 F - a box of beasts
 K - a phantom mirror
 M - a lightning rod (4/4)


   Skills:
 + Level 8.6 Fighting
 + Level 8.6 Short Blades
 + Level 8.6 Long Blades
 + Level 8.6 Axes
 + Level 8.6 Maces & Flails
 + Level 8.6 Polearms
 + Level 8.6 Staves
 + Level 8.6 Ranged Weapons
 + Level 8.6 Throwing
 + Level 8.6 Armour
 + Level 9.8 Dodging
 + Level 9.6 Stealth
 + Level 8.6 Shields
 + Level 8.6 Unarmed Combat
 + Level 10.0 Spellcasting
 + Level 10.2 Conjurations
 + Level 7.2 Hexes
 + Level 7.2 Summonings
 + Level 7.2 Necromancy
 + Level 7.2 Translocations
 + Level 7.2 Transmutations
 + Level 7.2 Fire Magic
 + Level 7.2 Ice Magic
 + Level 7.2 Air Magic
 + Level 7.2 Earth Magic
 + Level 7.2 Poison Magic
 + Level 9.4 Invocations
 + Level 8.6 Evocations


You had 8 spell levels left.
You knew the following spells:

 Your Spells              Type           Power      Damage    Failure   Level
a - Magic Dart            Conj           100%       1d8       1%          1
b - Searing Ray           Conj           100%       2d8       1%          2
c - Dazzling Flash        Conj/Hex       100%       N/A       1%          3
d - Fulminant Prism       Conj/Hex       30%        3d16      1%          4
e - Tukima's Dance        Hex            55%        N/A       1%          3
f - Swiftness             Air            55%        N/A       1%          3
g - Iskenderun's Mystic   Conj/Tloc      61%        2d13      1%          4
h - Dispel Undead         Necr           55%        3d20      1%          4

Your spell library contained the following spells:

 Spells                   Type           Power      Damage    Failure   Level
 Beastly Appendage        Tmut           100%       N/A       1%          1
 Cigotuvi's Dreadful Rot  Necr/Pois/Air  100%       N/A       1%          2
 Wereblood                Tmut           55%        N/A       1%          2
 Call Canine Familiar     Summ           55%        N/A       1%          3
 Inner Flame              Hex/Fire       55%        N/A       1%          3
 Portal Projectile        Hex/Tloc       100%       N/A       1%          3
 Spider Form              Tmut/Pois      55%        N/A       1%          3
 Animate Armour           Summ/Erth      100%       N/A       1%          4
 Flame Wave               Conj/Fire      61%        2d14      1%          4
 Leda's Liquefaction      Hex/Erth       27%        N/A       1%          4
 Olgreb's Toxic Radiance  Pois           55%        N/A       1%          4
 Passage of Golubria      Tloc           55%        N/A       1%          4
 Sticky Flame             Conj/Fire      61%        2d8       1%          4
 Blade Hands              Tmut           27%        N/A       4%          5
 Summon Forest            Summ/Tloc      27%        N/A       4%          5
 Yara's Violent Unravell  Hex/Tmut       27%        3d12      4%          5
 Iron Shot                Conj/Erth      30%        9d6       16%         6
 Death Channel            Necr           27%        N/A       28%         6
 Ozocubu's Refrigeration  Ice            27%        4d13      83%         7
 Ignition                 Fire           27%        3d9       100%        8
 Chain Lightning          Conj/Air       30%        3d40      100%        9


Dungeon Overview and Level Annotations

Branches:
Dungeon (13/15)            Temple (1/1) D:6            Lair (2/5) D:10
    Orc (0/2) D:11         Vaults (0/5) D:13         Bailey (visited)
  Swamp: Lair:2-3    Shoals: Lair:2-3     Snake: Lair:2-3    Spider: Lair:2-3

Altars:
Ashenzari
Cheibriados
Dithmenos
Elyvilon
Fedhas
Gozag
Hepliaklqana
Kikubaaqudgha
Makhleb
Nemelex Xobeh
Okawaru
Qazlal
Ru
Sif Muna
Trog
Uskayaw
Vehumet
Wu Jian
Xom
Yredelemnul
Zin
The Shining One

Shops:
D:3 [[   D:4 :   D:5 [!*[   D:10 =[!


Innate Abilities, Weirdness & Mutations

You have very sharp teeth.
Your uncanny sense of smell can sniff out nearby items.
Your experience applies equally to all skills.


Message History

You have drawn the Orb.
Press: ? - help, Shift-Dir - straight line, f/p - seven-headed hydra
Aim: a seven-headed hydra (almost dead, lightly drained)
Your orb of destruction hits a rock wall.
The nine-headed hydra bites you!
* * * LOW HITPOINT WARNING * * *
The nine-headed hydra bites you but does no damage.
The nine-headed hydra bites you.
* * * LOW HITPOINT WARNING * * *
You block the nine-headed hydra's attack.
The nine-headed hydra bites you but does no damage.
The nine-headed hydra barely misses you.
The nine-headed hydra bites you but does no damage.
You block the nine-headed hydra's attack.
The nine-headed hydra misses you. The seven-headed hydra bites you!
* * * LOW HITPOINT WARNING * * *
The seven-headed hydra misses you. The seven-headed hydra bites you.
* * * LOW HITPOINT WARNING * * *
The seven-headed hydra misses you.
The seven-headed hydra bites you but does no damage.
The seven-headed hydra closely misses you.
The seven-headed hydra completely misses you.
You feel much better.
The nine-headed hydra closely misses you.
You block the nine-headed hydra's attack.
The nine-headed hydra misses you.
The nine-headed hydra bites you but does no damage. x3
The nine-headed hydra bites you!
* * * LOW HITPOINT WARNING * * *
The nine-headed hydra bites you.
* * * LOW HITPOINT WARNING * * *
The nine-headed hydra bites you.
* * * LOW HITPOINT WARNING * * *
The seven-headed hydra barely misses you.
The seven-headed hydra bites you but does no damage.
The seven-headed hydra bites you!
* * * LOW HITPOINT WARNING * * *
The seven-headed hydra bites you.
You die...
Your body glows with a rainbow of weird colours and disappears.

..........#...#.## #
#.......##..#..).####
#.....#..##.........
#..⌠.#.....#.....#.#
##...#.#.#.#.##.####
#..#.###..........##
#...................
###...#..#........†.
#@..####..........
....!.D#D.# ##..##..##.
............##..###÷..##
......##.....#P..#...##.
...... ......)..#.#.....
...... #..........<.#...
#.#.. .#...##P.##..#.#.
.#.#. . #...### ##..###
..#


You could see a nine-headed hydra (drained) and a seven-headed hydra (drained).

Vanquished Creatures
  Gastronok (Lair:2)
  2 vault guards (D:13)
  A hydra (D:9)
  2 centaur warriors (D:13)
  A two-headed ogre (D:13)
  2 boulder beetles (D:11)
  5 skeletal warriors
  Pikel (D:5)
  2 necromancers (D:13)
  2 deep elf pyromancers (D:13)
  3 ugly things
  2 cane toads (Lair:2)
  2 kobold demonologists
  A yaktaur (D:13)
  2 komodo dragons
  5 trolls
  A hornet (D:8)
  10 slime creatures
  A shadow (D:10)
  5 wraiths
  2 wyverns
  5 yaks (D:11)
  4 basilisks
  18 humans (D:13)
  A vampire mosquito (D:9)
  4 steam dragons
  3 acid dragons
  6 water moccasins
  A sky beast (D:7)
  An ice beast (D:7)
  18 orc warriors
  A black bear (Lair:1)
  5 wolves (Lair:1)
  11 centaurs
  4 ogres
  3 phantoms (D:5)
  2 lemures (D:5)
  A kobold brigand (D:10)
  Blork the orc (D:5)
  5 bullfrogs
  3 gnoll sergeants
  4 scorpions
  5 wights (D:10)
  8 howler monkeys
  4 jellies
  4 hounds
  A gnoll bouda (D:8)
  8 orc priests
  4 iguanas
  22 orc wizards
  16 gnolls
  11 adders
  An ufetubus (D:6)
  2 worms
  4 dart slugs
  103 orcs
  6 ball pythons
  6 bats
  8 endoplasms
  5 giant cockroaches
  11 goblins
  10 hobgoblins
  16 kobolds
  2 quokkas
  5 frilled lizards
  7 rats
  A fulminant prism (D:9)
424 creatures vanquished.

Vanquished Creatures (others)
  A dancing weapon (D:13)
  An orc wizard (D:8)
  143 fulminant prisms
  7 fungi
  40 plants
192 creatures vanquished.

Grand Total: 616 creatures vanquished

Notes
Turn   | Place    | Note
-------+----------+-------------------------------------------
     0 | D:1      | greenreed the Gnoll Conjurer began the quest for the Orb.
     0 | D:1      | Reached XP level 1. HP: 13/13 MP: 6/6
   168 | D:1      | Reached XP level 2. HP: 19/19 MP: 4/7
   493 | D:1      | Reached skill level 5 in Spellcasting
   493 | D:1      | Reached XP level 3. HP: 25/25 MP: 3/9
   877 | D:1      | Reached skill level 1 in Invocations
  1659 | D:2      | Reached skill level 1 in Fighting
  1659 | D:2      | Reached skill level 1 in Short Blades
  1659 | D:2      | Reached skill level 1 in Long Blades
  1659 | D:2      | Reached skill level 1 in Axes
  1659 | D:2      | Reached skill level 1 in Maces & Flails
  1659 | D:2      | Reached skill level 1 in Polearms
  1659 | D:2      | Reached skill level 1 in Staves
  1659 | D:2      | Reached skill level 1 in Ranged Weapons
  1659 | D:2      | Reached skill level 1 in Throwing
  1659 | D:2      | Reached skill level 1 in Armour
  1659 | D:2      | Reached skill level 1 in Shields
  1659 | D:2      | Reached skill level 1 in Unarmed Combat
  1659 | D:2      | Reached skill level 1 in Evocations
  1661 | D:2      | Identified the +9 dagger of Mayhem {vorpal, rElec Will-
                  | Int+2 Dex+4}
  1715 | D:2      | Reached XP level 4. HP: 32/32 MP: 9/11
  2081 | D:2      | Learned a level 2 spell: Searing Ray
  2085 | D:2      | Learned a level 3 spell: Dazzling Flash
  2108 | D:2      | Reached skill level 1 in Hexes
  2108 | D:2      | Reached skill level 1 in Summonings
  2108 | D:2      | Reached skill level 1 in Necromancy
  2108 | D:2      | Reached skill level 1 in Translocations
  2108 | D:2      | Reached skill level 1 in Transmutations
  2108 | D:2      | Reached skill level 1 in Fire Magic
  2108 | D:2      | Reached skill level 1 in Ice Magic
  2108 | D:2      | Reached skill level 1 in Air Magic
  2108 | D:2      | Reached skill level 1 in Earth Magic
  2108 | D:2      | Reached skill level 1 in Poison Magic
  2737 | D:3      | Found Kaczaok's Antique Armour Shop.
  2864 | D:3      | Found Werippon's Antique Armour Shop.
  2901 | D:3      | Reached XP level 5. HP: 37/37 MP: 9/12
  3509 | D:3      | Found a faded altar of an unknown god.
  3660 | D:3      | Bought a pair of embroidered boots for 180 gold pieces
  3817 | D:4      | Found Wuhox's Book Boutique.
  3952 | D:4      | Reached skill level 5 in Dodging
  3952 | D:4      | Reached XP level 6. HP: 10/44 MP: 0/14
  4102 | D:4      | Found a burning altar of Makhleb.
  4105 | D:4      | Found a glowing silver altar of Zin.
  4105 | D:4      | Noticed an angel
  4106 | D:4      | Noticed a green death
  4438 | D:5      | Entered Level 5 of the Dungeon
  4438 | D:5      | Found Quizuigg's Armour Shop.
  4486 | D:5      | Reached XP level 7. HP: 50/51 MP: 9/15
  4537 | D:5      | Found Qenoxas's Assorted Antiques.
  4538 | D:5      | Found Ohaidi's Antique Armour Shoppe.
  4541 | D:5      | Found Wussed's Distillery.
  4547 | D:5      | Bought a potion of curing for 39 gold pieces
  4760 | D:5      | Reached skill level 5 in Stealth
  4838 | D:5      | Noticed Pikel
  4849 | D:5      | Killed Pikel
  4850 | D:5      | Reached XP level 8. HP: 58/58 MP: 7/17
  5342 | D:5      | Found a shadowy altar of Dithmenos.
  5466 | D:5      | Found an ornate altar of the Wu Jian Council.
  5681 | D:5      | Noticed Blork the orc
  5691 | D:5      | Killed Blork the orc
  5909 | D:6      | Reached XP level 9. HP: 65/65 MP: 10/18
  6230 | D:6      | Found a staircase to the Ecumenical Temple.
  6241 | Temple   | Entered the Ecumenical Temple
  6317 | Temple   | Became a worshipper of Nemelex Xobeh the Trickster
  7256 | D:6      | Learned a level 4 spell: Fulminant Prism
  7808 | D:7      | Reached * piety under Nemelex Xobeh
  8268 | D:3      | Bought a crude cloak for 228 gold pieces
  8268 | D:3      | Identified the +1 cloak of Inference {rElec} (You bought it
                  | in a shop on level 3 of the Dungeon)
  8477 | D:8      | Noticed a hornet
  8483 | D:8      | Killed a hornet
  8484 | D:8      | Reached skill level 5 in Invocations
  8661 | D:8      | Received a gift from Nemelex Xobeh
  9072 | D:8      | Learned a level 3 spell: Tukima's Dance
  9184 | D:8      | Reached skill level 5 in Fighting
  9184 | D:8      | Reached skill level 5 in Short Blades
  9184 | D:8      | Reached skill level 5 in Long Blades
  9184 | D:8      | Reached skill level 5 in Axes
  9184 | D:8      | Reached skill level 5 in Maces & Flails
  9184 | D:8      | Reached skill level 5 in Polearms
  9184 | D:8      | Reached skill level 5 in Staves
  9184 | D:8      | Reached skill level 5 in Ranged Weapons
  9184 | D:8      | Reached skill level 5 in Throwing
  9184 | D:8      | Reached skill level 5 in Armour
  9184 | D:8      | Reached skill level 5 in Shields
  9184 | D:8      | Reached skill level 5 in Unarmed Combat
  9184 | D:8      | Reached skill level 5 in Evocations
  9184 | D:8      | Reached XP level 10. HP: 74/74 MP: 20/20
  9721 | D:9      | Found a flagged portal.
  9731 | Bailey   | Entered a bailey
  9731 | Bailey   | Reached ** piety under Nemelex Xobeh
 11370 | Bailey   | Got the Grimoire of Voltaic Superposition
 11371 | Bailey   | Acquired the amulet of Zamog {Reflect +Inv rPois SH+5}
 11632 | D:9      | Noticed a four-headed hydra
 12264 | D:9      | Killed a four-headed hydra
 12265 | D:9      | Reached skill level 5 in Hexes
 12265 | D:9      | Reached skill level 5 in Summonings
 12265 | D:9      | Reached skill level 5 in Necromancy
 12265 | D:9      | Reached skill level 5 in Translocations
 12265 | D:9      | Reached skill level 5 in Transmutations
 12265 | D:9      | Reached skill level 5 in Fire Magic
 12265 | D:9      | Reached skill level 5 in Ice Magic
 12265 | D:9      | Reached skill level 5 in Air Magic
 12265 | D:9      | Reached skill level 5 in Earth Magic
 12265 | D:9      | Reached skill level 5 in Poison Magic
 12265 | D:9      | Reached XP level 11. HP: 69/81 MP: 9/23
 12972 | D:10     | Entered Level 10 of the Dungeon
 12989 | D:10     | Found Tonurch's Armour Shop.
 13171 | D:10     | Found Foutradena's Jewellery Shoppe.
 13668 | D:10     | Found a staircase to the Lair.
 13752 | D:10     | Found Nedolloxy's Distillery.
 13758 | D:10     | Bought a potion of flight for 39 gold pieces
 14418 | D:11     | Identified the +8 halberd of Ceara Cujao {drain, rElec rF++
                  | Will- rCorr}
 14531 | D:11     | Found a staircase to the Orcish Mines.
 14547 | D:11     | Noticed a brown ugly thing
 14568 | D:11     | Killed a brown ugly thing
 14836 | D:11     | Noticed a boulder beetle
 15243 | D:11     | Reached *** piety under Nemelex Xobeh
 15430 | D:11     | Killed a boulder beetle
 15760 | D:12     | Noticed a skeletal warrior
 15784 | D:12     | Received a gift from Nemelex Xobeh
 16405 | D:12     | Learned a level 3 spell: Swiftness
 16415 | D:12     | Reached XP level 12. HP: 91/91 MP: 16/24
 17640 | D:12     | Noticed a boulder beetle
 17867 | D:11     | Killed a boulder beetle
 18700 | D:13     | Identified the amulet of Oppaddiwe {Spirit Harm Int+7}
 18764 | D:13     | Noticed a centaur warrior
 18788 | D:13     | Killed a centaur warrior
 18888 | D:13     | Noticed a two-headed ogre
 18992 | D:13     | Killed a two-headed ogre
 19468 | D:13     | Learned a level 4 spell: Iskenderun's Mystic Blast
 19473 | D:13     | Learned a level 4 spell: Dispel Undead
 19589 | D:13     | Noticed a centaur warrior
 19593 | D:13     | Killed a centaur warrior
 19635 | D:13     | Received a gift from Nemelex Xobeh
 19750 | D:13     | Noticed a vault guard
 19802 | D:13     | Killed a vault guard
 19804 | D:13     | Reached XP level 13. HP: 75/98 MP: 11/26
 19936 | D:13     | Reached skill level 10 in Conjurations
 19958 | D:13     | Noticed a vault guard
 19989 | D:13     | Killed a vault guard
 20321 | D:13     | Found a gate to the Vaults.
 20572 | D:3      | Bought a pair of masterwork gloves for 228 gold pieces
 20572 | D:3      | Identified the +0 pair of gloves of the Trombone {+Inv
                  | Will+ Int+7} (You bought it in a shop on level 3 of the
                  | Dungeon)
 20732 | Lair:1   | Entered Level 1 of the Lair of Beasts
 21007 | D:3      | Bought a smoking robe for 136 gold pieces
 21007 | D:3      | Identified the +2 robe of the Original Sin {rElec Regen+
                  | Int+2} (You bought it in a shop on level 3 of the Dungeon)
 21263 | Lair:1   | You fall into a shaft and drop 1 floor!
 21352 | Lair:2   | Noticed Gastronok
 21385 | Lair:2   | Killed Gastronok
 21386 | Lair:2   | Reached skill level 10 in Spellcasting
 21633 | Lair:2   | Reached **** piety under Nemelex Xobeh
 21668 | Lair:2   | HP: 2/99 [seven-headed hydra (10)]
 21668 | Lair:2   | Slain by a seven-headed hydra

Illustrated notes

Levels and vault maps discovered:
D:1:      co_arrival_square_in_a_square_in_a_square, layout_basic
D:2:      layout_basic
D:3:      layout_loops_cross, dreamdust_ecumenical_altar_statues, serial_shops,
          shop, nicolae_shop_temple_entry_statues_fountains, serial_glass,
          glass_columns_a, glass_columns_a, due_unseen_surprise,
          reono_crystal_passage
D:4:      layout_basic, grunt_temple_overflow_order_and_chaos_2, serial_shops,
          shop
D:5:      layout_loops_cross, grunt_dithmenos_smoke,
          nicolae_wu_jian_glorious_leap, serial_shops, nicolae_stop_n_shop_2,
          nicolae_wooded_promenade, minmay_misc_feat_iff, nicolae_grassy_gnolls,
          uniq_pikel, uniq_blork_the_orc
D:6:      layout_basic, minmay_temple_entry_slanted
D:7:      layout_basic, roderic_serpentine_path
D:8:      cheibrodos_steamvent, layout_basic
D:9:      minmay_cut_squares, layout_rooms, serial_co_window_serial,
          co_window_cross_1, co_window_corner_a, co_window_paths_a,
          co_window_corner_a, co_window_corner_a, co_window_of_opportunity_b,
          co_window_of_opportunity_c, co_window_2corner, co_window_2corner,
          co_window_of_opportunity_b, co_window_broadway_b, co_window_cross_4,
          glass_columns_a, glass_columns_a, enter_bailey_4
D:10:     layout_roguey [special_room_orc], dpeg_oklobed_lair, serial_shops,
          nicolae_shop_waterfront, kennysheep_mini_moat, nicolae_shop_crystal
D:11:     layout_basic, hiddenorc1_lemuel
D:12:     layout_gridville, chequers_serial_rivers_small_3
D:13:     layout_basic, grunt_vaults_entry_tiered
Temple:   regret_index_temple_mists
Lair:1:   layout_misc_corridors, serial_bayou_pond_c,
          nicolae_lair_grove_arrangements
Lair:2:   layout_loops_ring, minmay_swamp_entry_worms, minivault_23,
          grunt_megastairs_5, uniq_gastronok

Skill      XL: |  1  2  3  4  5  6  7  8  9 10 11 12 13 |
---------------+----------------------------------------+-----
Spellcasting   | 5 6 7 8 9 10 | 10.0
Invocations    | 1 2 3 4 5 6 7 8 9 |  9.4
Fighting       | 1 2 3 5 6 7 8 |  8.6
Short Blades   | 1 2 3 5 6 7 8 |  8.6
Long Blades    | 1 2 3 5 6 7 8 |  8.6
Axes           | 1 2 3 5 6 7 8 |  8.6
Maces & Flails | 1 2 3 5 6 7 8 |  8.6
Polearms       | 1 2 3 5 6 7 8 |  8.6
Staves         | 1 2 3 5 6 7 8 |  8.6
Ranged Weapons | 1 2 3 5 6 7 8 |  8.6
Throwing       | 1 2 3 5 6 7 8 |  8.6
Armour         | 1 2 3 5 6 7 8 |  8.6
Shields        | 1 2 3 5 6 7 8 |  8.6
Unarmed Combat | 1 2 3 5 6 7 8 |  8.6
Evocations     | 1 2 3 5 6 7 8 |  8.6
Hexes          | 1 2 3 4 5 6 7 |  7.2
Summonings     | 1 2 3 4 5 6 7 |  7.2
Necromancy     | 1 2 3 4 5 6 7 |  7.2
Translocations | 1 2 3 4 5 6 7 |  7.2
Transmutations | 1 2 3 4 5 6 7 |  7.2
Fire Magic     | 1 2 3 4 5 6 7 |  7.2
Ice Magic      | 1 2 3 4 5 6 7 |  7.2
Air Magic      | 1 2 3 4 5 6 7 |  7.2
Earth Magic    | 1 2 3 4 5 6 7 |  7.2
Poison Magic   | 1 2 3 4 5 6 7 |  7.2
Dodging        | 5 6 7 8 9 |  9.8
Stealth        | 5 6 7 8 9 |  9.6
Conjurations   | 8 9 10 | 10.2

Action                   |  1- 3 |  4- 6 |  7- 9 | 10-12 | 13-15 || total
-------------------------+-------+-------+-------+-------+-------++-------
Melee: Dagger            |       |    22 |   143 |   132 |       ||   297
       Bite              |       |     2 |    12 |    36 |    18 ||    68
       Punch             |       |     1 |       |    19 |       ||    20
       Staff             |       |       |       |   177 |       ||   177
       Halberd           |       |       |       |    32 |   150 ||   182
       Morningstar       |       |       |       |     5 |     1 ||     6
 Cast: Magic Dart        |    75 |   115 |   127 |   229 |       ||   546
       Searing Ray       |       |     3 |     6 |    47 |     3 ||    59
       Dazzling Flash    |       |       |     6 |    36 |       ||    42
       Fulminant Prism   |       |       |    16 |   105 |    24 ||   145
       Tukima's Dance    |       |       |       |     7 |       ||     7
       Swiftness         |       |       |       |     4 |       ||     4
       Dispel Undead     |       |       |       |     2 |       ||     2
Invok: Draw Destruction  |       |       |       |       |     2 ||     2
  Use: Scroll            |       |       |     5 |     4 |     1 ||    10
       Potion            |       |       |       |     1 |     4 ||     5
 Stab: Invisible         |       |       |     4 |    13 |       ||    17
       Sleeping          |       |       |     1 |     3 |     4 ||     8
Armor: Robe              |     3 |     7 |    31 |    90 |    91 ||   222
Dodge: Dodged            |     2 |    10 |    89 |   410 |   183 ||   694
Block: Other             |       |       |       |    56 |    50 ||   106
       Reflection        |       |       |       |     2 |       ||     2

Table legend: (Time is in decaauts)
 A = Elapsed time spent in this place.
 B = Non-inter-level travel time spent in this place.
 C = Inter-level travel time spent in this place.
 D = Time resting spent in this place.
 E = Time spent auto-exploring this place.
 F = Levels seen in this place.
 G = Mean time per level.
                   A        B        C        D        E       F      G
               +--------+--------+--------+--------+--------+-----+--------+
         Total |  21712 |  19930 |   1782 |   2327 |  13970 |  17 | 1277.2 |
       Dungeon |  19092 |  17372 |   1720 |   1950 |  12672 |  13 | 1468.6 |
        Temple |    211 |    176 |     35 |      0 |    157 |   1 |  211.0 |
          Lair |    661 |    634 |     27 |     24 |    358 |   2 |  330.5 |
        Bailey |   1747 |   1747 |      0 |    353 |    782 |   1 | 1747.0 |
               +--------+--------+--------+--------+--------+-----+--------+

Top non-repeatable levels by time:
    D:11: 2746 daAuts
    D:10: 1892 daAuts
  Bailey: 1747 daAuts
    D:12: 1658 daAuts
     D:9: 1631 daAuts
     D:5: 1548 daAuts
     D:1: 1346 daAuts
    D:13: 1334 daAuts
     D:2: 1324 daAuts
     D:6: 1297 daAuts
     D:8: 1159 daAuts
     D:3: 1154 daAuts
     D:7: 1140 daAuts
     D:4: 858 daAuts
  Lair:2: 427 daAuts
